 Dungeon Crawl Stone Soup version 0.19-a0-892-g8a19e52 (webtiles) character file.

42 matakusis the Ducker (level 3, -2/28 HPs)
             Began as a Demonspawn Gladiator on July 4, 2016.
             Killed from afar by Sigmund (8 damage)
             ... with a puff of flame
             ... on level 2 of the Dungeon.
             The game lasted 00:02:27 (1080 turns).

matakusis the Ducker (Demonspawn Gladiator)         Turns: 1080, Time: 00:02:28

Health: -2/28      AC:  8    Str: 15    XL:     3   Next: 33%
Magic:  3/3        EV: 13    Int:  9    God:
Gold:   11         SH:  0    Dex: 14    Spells: 0 memorised, 2 levels left

rFire  . . .     SeeInvis .     a - +0 long sword
rCold  . . .     Gourm    .     b - +0 leather armour
rNeg   . . .     Faith    .     (no shield)
rPois  .         Spirit   .     c - +0 helmet
rElec  .         Dismiss  .     (no cloak)
rCorr  .         Reflect  .     (no gloves)
SustAt .         Harm     .     (no boots)
MR     .....                    (no amulet)
Stlth  +.........               (no ring)
                                (no ring)

@: not resistant to hostile enchantments, very unstealthy
A: hooves 2, iridescent scales 1
a: no special abilities


You were on level 2 of the Dungeon.
You were not hungry.

You visited 1 branch of the dungeon, and saw 2 of its levels.

You collected 11 gold pieces.

Inventory:

Hand Weapons
 a - a +0 long sword (weapon)
Missiles
 d - 3 throwing nets (quivered)
Armour
 b - a +0 leather armour (worn)
 c - a +0 helmet (worn)
Scrolls
 e - a scroll of random uselessness {unknown}
 h - a scroll of enchant weapon {unknown}
 j - a scroll of identify {unknown}
 k - 2 scrolls of teleportation {unknown}
Comestibles
 f - a bread ration
 g - 2 meat rations
 i - a chunk of flesh
 l - a beef jerky


   Skills:
 * Level 2.4 Fighting
 + Level 3.1 Long Blades
 - Level 1.7 Throwing
 * Level 3.4 Dodging


You had 2 spell levels left.
You didn't know any spells.

Dungeon Overview and Level Annotations

Branches:
Dungeon (2/15)

Altars:

Annotations:
D:2 Sigmund


Innate Abilities, Weirdness & Mutations

You have hoof-like feet.
You are partially covered in iridescent scales. (AC +4)


Message History

The adder is almost dead.
You barely miss the adder. You kick the adder.
The adder is almost dead.
The adder misses you.
You riposte.
You barely miss the adder.
The adder is almost dead.
The adder closely misses you.
You riposte.
You miss the adder. Your kick misses the adder.
The adder is almost dead.
Something hits you!
* * * LOW HITPOINT WARNING * * *
You feel sick.
You are no longer poisoned.
The adder barely misses you.
You riposte.
You completely miss the adder. Your kick misses the adder.
The adder is almost dead.
You hit the adder.
You kill the adder!
A puff of flame appears from out of thin air!
The puff of flame hits you!
You die...

#......##.#
#..###.##.#
#####.÷.......#
#.....<....####
#†####.#####
#.# #.# #.# #.#
#.# #.# #.# #@#
......†......#
#!....#.####.#
#....#... ..#
#.... ..# #.#
.... ##.# #.#
### #.. ... ###
#.#


There were no monsters in sight!

Vanquished Creatures
  An adder (D:2)
  An ooze (D:1)
  2 dart slugs (D:1)
  A giant gecko (D:2)
  A ball python (D:1)
  7 bats (D:1)
  2 goblins (D:1)
  A hobgoblin (D:2)
  3 kobolds (D:1)
  A quokka (D:2)
  5 rats
25 creatures vanquished.

Notes
Turn   | Place    | Note
-------+----------+-------------------------------------------
     0 | D:1      | matakusis the Demonspawn Gladiator began the quest for the Orb.
     0 | D:1      | Reached XP level 1. HP: 16/16 MP: 1/1
   110 | D:1      | Gained mutation: You have large cloven feet. [demonic ancestry]
   110 | D:1      | Reached XP level 2. HP: 18/22 MP: 2/2
  1002 | D:2      | Gained mutation: You have hoof-like feet. [demonic ancestry]
  1002 | D:2      | Reached XP level 3. HP: 27/28 MP: 3/3
  1055 | D:2      | Noticed Sigmund
  1067 | D:2      | Gained mutation: You are partially covered in iridescent scales. (AC +4) [potion of beneficial mutation]
  1080 | D:2      | Killed from afar by Sigmund

Vault maps used:
D:1:      minmay_arrival_four_houses, serial_bayou_crossing
D:2:      lemuel_crystal_altar, first_bread, grunt_ministairs_7,
          grunt_decor_arrowhead, uniq_sigmund

Skill      XL: |  1  2 |
---------------+-------+-----
Dodging        | 3 |  3.4
Long Blades    | 3 |  3.1
Fighting       | |  2.4
Throwing       | |  1.7

Action                   || total
-------------------------++-------
Melee: Long sword        ||   113
       Kick              ||    18
  Use: Potion            ||     1
 Stab: Sleeping          ||     1
  Eat: Chunk             ||     1
Armor: Leather armour    ||    36
Dodge: Dodged            ||    73
